 Dungeon Crawl Stone Soup version 0.22-a0-362-g535178c (webtiles) character file.

624 Amnesiac the Purveyor of Pain (level 7, -5/51 HPs)
             Began as a Mummy Necromancer on Apr 19, 2018.
             Was an Initiate of Kikubaaqudgha.
             Slain by a wyvern skeleton (6 damage)
             ... on level 5 of the Dungeon.
             The game lasted 00:06:50 (4541 turns).

Amnesiac the Purveyor of Pain (Mummy Necromancer)   Turns: 4541, Time: 00:06:50

Health: -5/51      AC:  3    Str: 11    XL:     7   Next: 22%
Magic:  11/11      EV: 13    Int: 17    God:    Kikubaaqudgha [......]
Gold:   314        SH:  0    Dex: 12    Spells: 4/12 levels left

rFire    x x .     SeeInvis .   a - +1 hunting sling
rCold    + + .     Gourm    .   (no shield)
rNeg     + + +     Faith    .   e - +0 robe
rPois    ∞         Spirit   .   (no helmet)
rElec    .         Reflect  .   (no cloak)
rCorr    .         Harm     .   p - +0 pair of gloves
MR       .....                  (no boots)
Stlth    ++........             (no amulet)
HPRegen  0.17/turn              j - ring of ice
MPRegen  0.12/turn              (no ring)

@: no status effects
A: no food or potions, fire vulnerability, cold resistance 1, negative energy
resistance 3, torment resistance, unbreathing
a: Renounce Religion


You were on level 5 of the Dungeon.
You worshipped Kikubaaqudgha.
Kikubaaqudgha was noncommittal.
You were not hungry.

You visited 2 branches of the dungeon, and saw 6 of its levels.

You collected 314 gold pieces.

Inventory:

Hand Weapons
 a - a +1 hunting sling (weapon)
 q - a +0 glaive
Missiles
 i - 23 sling bullets (quivered)
 n - 174 stones
Armour
 e - a +0 robe (worn)
 o - a +0 shield
 p - a +0 pair of gloves (worn)
Jewellery
 j - a ring of ice (left hand)
Wands
 f - a wand of digging (14)
 g - a wand of random effects (12)
Scrolls
 b - a scroll of enchant armour {!r, unknown}
 c - a scroll of enchant weapon {!r}
 d - 2 scrolls of teleportation {!r, unknown}
 h - a scroll of magic mapping {!r}
 k - 2 scrolls of remove curse {!r}
 l - a scroll of noise {!r}
 m - a scroll of immolation {!r}
 r - a scroll of vulnerability {!r, unknown}


   Skills:
 - Level 2.8 Fighting
 - Level 4.0 Dodging
 - Level 1.5 Stealth
 + Level 3.3 Shields
 - Level 3.0 Spellcasting
 - Level 5.1 Necromancy


You had 4 spell levels left.
You knew the following spells:

 Your Spells              Type           Power        Failure   Level  Hunger
a - Pain                  Necr           ###.         2%          1    N/A
b - Call Imp              Summ           #.......     26%         2    N/A
d - Vampiric Draining     Necr           ###.......   6%          3    N/A
v - Blink                 Tloc           N/A          26%         2    N/A

Dungeon Overview and Level Annotations

Branches:
Dungeon (5/15)             Temple (1/1) D:4

Altars:
Ashenzari
Cheibriados
Dithmenos
Fedhas
Gozag
Kikubaaqudgha
Makhleb
Nemelex Xobeh
Okawaru
Qazlal
Ru
Trog
Vehumet
Wu Jian
Yredelemnul
Zin

Annotations:
D:4 Grinder


Innate Abilities, Weirdness & Mutations

You do not eat or drink.
Your flesh is vulnerable to fire.
You are immune to poison.
Your flesh is cold resistant. (rC+)
You are immune to negative energy. (rN+++)
You are immune to unholy pain and torment.
You can survive without breathing.


Message History

A wyvern skeleton is nearby!
Firing (i - inventory. (/) - cycle)
i - 30 sling bullets (quivered)
Press: ? - help, Shift-Dir - straight line, f/p - wyvern skeleton
Aim: a wyvern skeleton You shoot a sling bullet.
The sling bullet hits the wyvern skeleton!
The wyvern skeleton is moderately damaged.
The wyvern skeleton bites you!
The wyvern skeleton completely misses you.
A wyvern skeleton is nearby!
Firing (i - inventory. (/) - cycle)
i - 29 sling bullets (quivered)
Press: ? - help, Shift-Dir - straight line, f/p - wyvern skeleton
Aim: a wyvern skeleton (moderately damaged)
You shoot a sling bullet.
The sling bullet hits the wyvern skeleton.
The wyvern skeleton is heavily damaged.
The wyvern skeleton closely misses you.
Firing (i - inventory. (/) - cycle)
i - 28 sling bullets (quivered)
Press: ? - help, Shift-Dir - straight line, f/p - wyvern skeleton
Aim: a wyvern skeleton (heavily damaged)
You shoot a sling bullet.
The sling bullet hits the wyvern skeleton.
The wyvern skeleton is severely damaged.
The wyvern skeleton closely misses you. The wyvern skeleton bites you!
Firing (i - inventory. (/) - cycle)
i - 27 sling bullets (quivered)
Press: ? - help, Shift-Dir - straight line, f/p - wyvern skeleton
Aim: a wyvern skeleton (severely damaged)
You shoot a sling bullet.
The sling bullet barely misses the wyvern skeleton.
The wyvern skeleton bites you!
* * * LOW HITPOINT WARNING * * *
Firing (i - inventory. (/) - cycle)
i - 26 sling bullets (quivered)
Press: ? - help, Shift-Dir - straight line, f/p - wyvern skeleton
Aim: a wyvern skeleton (severely damaged)
You shoot a sling bullet.
The sling bullet hits the wyvern skeleton.
The wyvern skeleton is severely damaged.
The wyvern skeleton closely misses you. The wyvern skeleton barely misses you.
Okay, then.
Evoke which item? (* to show all) (? for menu, Esc to quit)
Aiming: Random Effects
Press: ? - help, Shift-Dir - straight line, f/p - wyvern skeleton
Aim: a wyvern skeleton (severely damaged)
The bolt of poison hits the wyvern skeleton.
The wyvern skeleton completely resists.
The wyvern skeleton is severely damaged.
The wyvern skeleton barely misses you.
Firing (i - inventory. (/) - cycle)
i - 25 sling bullets (quivered)
Press: ? - help, Shift-Dir - straight line, f/p - wyvern skeleton
Aim: a wyvern skeleton (severely damaged)
You shoot a sling bullet.
The sling bullet hits the wyvern skeleton!
The wyvern skeleton is almost destroyed.
The wyvern skeleton closely misses you. The wyvern skeleton bites you!
* * * LOW HITPOINT WARNING * * *
Unknown command.
Firing (i - inventory. (/) - cycle)
i - 24 sling bullets (quivered)
Press: ? - help, Shift-Dir - straight line, f/p - wyvern skeleton
Aim: a wyvern skeleton (almost destroyed)
You shoot a sling bullet.
The sling bullet completely misses the wyvern skeleton.
The wyvern skeleton bites you.
You die...
Kikubaaqudgha rasps: "You have failed me!
Welcome... oblivion!"

## #.( .###...
......# .....#
. ....# #.##
...# #..###
####Z.##
#...###..@...#
#.......#...#
#....####
#...# #..###
..# #..# #
##.## #..#
#.## ##.#


You could see a wyvern skeleton.

Vanquished Creatures
  Sigmund (D:2)
  A sky beast (D:4)
  A bullfrog (D:5)
  A hound (D:4)
  A bullfrog skeleton (D:5)
  An iguana (D:4)
  A centaur skeleton (D:4)
  Ijyb (D:3)
  Terence (D:2)
  A worker ant (Temple)
  7 adders
  2 oozes
  2 worms (D:2)
  3 dart slugs
  2 leopard geckos
  An orc (D:3)
  4 giant cockroaches
  3 hobgoblins
  2 jackals (D:5)
  3 quokkas
  A ball python (D:2)
  4 bats
  2 frilled lizards
  4 goblins
  7 kobolds
  5 rats
62 creatures vanquished.

Notes
Turn   | Place    | Note
-------+----------+-------------------------------------------
     0 | D:1      | Amnesiac the Mummy Necromancer began the quest for the Orb.
     0 | D:1      | Reached XP level 1. HP: 13/13 MP: 4/4
   160 | D:1      | Reached XP level 2. HP: 14/20 MP: 0/5
   723 | D:2      | Learned a level 2 spell: Blink
   726 | D:2      | Learned a level 2 spell: Call Imp
   730 | D:2      | Reached skill level 1 in Fighting
   730 | D:2      | Reached XP level 3. HP: 21/26 MP: 2/7
   735 | D:2      | Learned a level 3 spell: Vampiric Draining
   899 | D:3      | Noticed Ijyb
   917 | D:3      | Killed Ijyb
  1230 | D:3      | Reached XP level 4. HP: 31/32 MP: 6/8
  1642 | D:4      | Found a staircase to the Ecumenical Temple.
  1651 | Temple   | Entered the Ecumenical Temple
  2319 | D:4      | Noticed Grinder
  2599 | D:2      | Reached XP level 5. HP: 38/38 MP: 6/9
  2632 | D:2      | Noticed Terence
  2638 | D:2      | Killed Terence
  2746 | D:2      | Found a stormy altar of Qazlal.
  2802 | D:2      | Found a burning altar of Makhleb.
  2803 | D:2      | Found an ancient bone altar of Kikubaaqudgha.
  2806 | D:2      | Found an opulent altar of Gozag.
  2814 | D:2      | Became a worshipper of Kikubaaqudgha
  3598 | D:2      | Noticed Sigmund
  3613 | D:2      | Killed Sigmund
  3613 | D:2      | Reached skill level 5 in Necromancy
  3613 | D:2      | Reached XP level 6. HP: 13/46 MP: 0/10
  4180 | D:5      | Entered Level 5 of the Dungeon
  4197 | D:4      | Reached skill level 1 in Shields
  4222 | D:5      | Noticed a sky beast
  4280 | D:4      | Killed a sky beast
  4280 | D:4      | Reached XP level 7. HP: 21/51 MP: 0/11
  4540 | D:5      | HP: 1/51 [wyvern skeleton (13)]
  4541 | D:5      | Slain by a wyvern skeleton

Vault maps used:
D:1:      dpeg_arrival_arbitrary_a, hex_medium, minmay_tripent
D:2:      grunt_qazlal_sundering, minitemple, first_ration, uniq_terence,
          uniq_sigmund
D:3:      serial_forest, infiniplex_forest_straight_2, infiniplex_forest_end_3,
          infiniplex_forest_clump_diagonal, infiniplex_forest_lined_room_2,
          infiniplex_forest_lined_ring, infiniplex_forest_lined_corner,
          infiniplex_forest_end_2, uniq_ijyb
D:4:      minmay_temple_entry_glass, serial_corexii_hall,
          corexii_hall_statues_x, corexii_hall_statues_x, uniq_grinder
D:5:      nicolae_overflow_hidden_temple, uniq_edmund
Temple:   minmay_temple_forest_path

Skill      XL: |  1  2  3  4  5  6  7 |
---------------+----------------------+-----
Dodging        | 2 3 4 |  4.0
Spellcasting   | 3 |  3.0
Fighting       | 1 2 |  2.8
Necromancy     | 5 |  5.1
Shields        | 2 3 |  3.3
Stealth        | |  1.5

Action                   |  1- 3 |  4- 6 |  7- 9 || total
-------------------------+-------+-------+-------++-------
Melee: Unarmed           |     6 |       |       ||     6
       Hunting sling     |       |     1 |       ||     1
 Fire: Hunting sling     |     9 |    70 |    28 ||   107
 Cast: Pain              |    45 |    72 |     1 ||   118
       Vampiric Draining |       |     8 |       ||     8
Evoke: Wand              |       |       |     1 ||     1
  Use: Scroll            |       |     6 |       ||     6
Armor: Robe              |     6 |     8 |     2 ||    16
Dodge: Dodged            |    20 |    85 |    12 ||   117

Table legend:
 A = Spawn XP
 B = Non-spawn XP
 C = Spawn XP percentage of total XP
 D = Spawn monster count
 E = Non-spawn monster count
 F = Spawn count percentage of total count
 G = Total turns spent on level
                    A         B        C        D         E        F      G
               +---------+---------+-------+---------+---------+-------+---------
         Total |       0 |     892 |   0.0 |       0 |      62 |   0.0 |  4541
               +---------+---------+-------+---------+---------+-------+---------
           D:1 |       0 |      30 |   0.0 |       0 |      13 |   0.0 |   940
           D:2 |       0 |     316 |   0.0 |       0 |      17 |   0.0 |  1134
           D:3 |       0 |      72 |   0.0 |       0 |      17 |   0.0 |   931
           D:4 |       0 |     299 |   0.0 |       0 |       8 |   0.0 |   932
           D:5 |       0 |     143 |   0.0 |       0 |       6 |   0.0 |   234
        Temple |       0 |      32 |   0.0 |       0 |       1 |   0.0 |   370
               +---------+---------+-------+---------+---------+-------+---------
